 Dungeon Crawl Stone Soup version 0.23-a0-290-g290e36d (webtiles) character file.

371 Gildeon the Agent of Entropy (level 6, -11/48 HPs)
             Began as a Demonspawn Abyssal Knight on Oct 3, 2018.
             Was a Priest of Lugonu.
             Killed by divine providence
             ... invoked by an orc priest
              (17 damage)
             ... on level 4 of the Dungeon.
             The game lasted 00:15:27 (3127 turns).

Gildeon the Agent of Entropy (DsAK)                 Turns: 3127, Time: 00:15:29

Health: -11/48     AC:  6    Str: 15    XL:     6   Next: 42%
Magic:  9/9        EV: 11    Int: 13    God:    Lugonu [***...]
Gold:   262        SH:  0    Dex: 12    Spells: 5/5 levels left

rFire    . . .     SeeInvis .   a - +3 mace
rCold    . . .     Gourm    .   (no shield)
rNeg     . . .     Faith    .   d - +1 ring mail
rPois    .         Spirit   .   (helmet restricted)
rElec    .         Reflect  .   (no cloak)
rCorr    +         Harm     .   (no gloves)
MR       .....                  (no boots)
Stlth    ++........             (no amulet)
HPRegen  0.16/turn              m - ring of resist corrosion
MPRegen  0.11/turn              (no ring)

@: confused
A: horns 1, nightstalker 2
a: Depart the Abyss, Bend Space, Banish, Renounce Religion


You were on level 4 of the Dungeon.
You worshipped Lugonu.
Lugonu was most pleased with you.
You were not hungry.

You visited 1 branch of the dungeon, and saw 4 of its levels.
You visited the Abyss 1 time.

You collected 262 gold pieces.

Inventory:

Hand Weapons
 a - a +3 mace (weapon)
Armour
 b - a +0 shield
 d - a +1 ring mail (worn)
Jewellery
 m - a ring of resist corrosion (left hand)
Scrolls
 p - a scroll of teleportation
 q - a scroll of amnesia
Potions
 e - a potion of lignification
 g - a potion of magic
 h - 2 potions of mutation {unknown}
 k - a potion of haste
 l - a potion of flight
 n - a potion of brilliance {unknown}
Comestibles
 c - 7 rations
 f - 9 chunks of flesh


   Skills:
 + Level 4.0 Fighting
 * Level 3.9 Maces & Flails
 + Level 2.9 Armour
 + Level 2.4 Dodging
 + Level 4.2 Invocations


You had 5 spell levels left.
You didn't know any spells.
Your spell library contained the following spells:

 Spells                   Type           Power        Failure   Level  Hunger
 Haunt                    Necr/Summ      #.........   100%        7    #######
 Borgnjor's Revivificati  Necr           #.........   100%        8    #######
 Death's Door             Chrm/Necr      #.........   100%        8    #######
 Infestation              Necr           #.........   100%        8    #######
 Necromutation            Tmut/Necr      #.........   100%        8    #######


Dungeon Overview and Level Annotations

Branches:
Dungeon (4/15)
 Temple: D:4-7

Altars:
Elyvilon
Okawaru
Qazlal
Ru
Vehumet


Innate Abilities, Weirdness & Mutations

You have a pair of small horns on your head.
You are significantly more attuned to the shadows.


Message History

The orc wizard hits you but does no damage.
The orc hits you with a mace. The orc priest hits you with a whip!
The orc priest closely misses you.
Unknown command.
You hit the orc priest.
The orc priest is almost dead.
The orc wizard casts a cantrip, but nothing happens.
The orc priest calls down the wrath of Beogh upon you.
Beogh smites you!
* * * LOW HITPOINT WARNING * * *
The orc barely misses you. The orc priest hits you with a flail!
* * * LOW HITPOINT WARNING * * *
You are confused.
You feel invigorated. The orc wizard casts a spell at you.
The puff of flame hits you!
* * * LOW HITPOINT WARNING * * *
The orc priest calls down the wrath of Beogh upon you.
Beogh smites you!
You die...

####.....##
#..........
#.!.......
#.........
#.ooo.....
#..@o.....
##.........
##........
#........#
##.......#
#......(#
##.....#
#.....#
#....##


You could see 2 orc priests, an orc wizard and an orc.

Vanquished Creatures
  A centaur (D:3)
  2 orc wizards
  An orc priest (D:4)
  Ijyb (D:3)
  2 hound skeletons (D:4)
  4 adders
  An ooze (D:3)
  A worm (D:3)
  3 dart slugs
  4 leopard geckos
  15 orcs
  A ball python (D:3)
  7 bats
  4 giant cockroaches
  9 goblins
  9 hobgoblins
  4 jackals
  14 kobolds
  A quokka (D:3)
  A frilled lizard (D:1)
  8 rats
93 creatures vanquished.

Notes
Turn   | Place    | Note
-------+----------+-------------------------------------------
     0 | Abyss:1  | Gildeon the Demonspawn Abyssal Knight began the quest for
                  | the Orb.
     0 | Abyss:1  | Reached XP level 1. HP: 18/18 MP: 2/2
     0 | D:1      | Escaped the Abyss
   119 | D:1      | Reached * piety under Lugonu
   119 | D:1      | Reached skill level 1 in Dodging
   154 | D:1      | Gained mutation: You have a pair of small horns on your
                  | head. [demonic ancestry]
   154 | D:1      | Reached XP level 2. HP: 13/24 MP: 3/3
   689 | D:2      | Gained mutation: You are slightly more attuned to the
                  | shadows. [demonic ancestry]
   689 | D:2      | Reached XP level 3. HP: 29/29 MP: 5/5
   869 | D:2      | Found a white marble altar of Elyvilon.
  1094 | D:2      | Reached ** piety under Lugonu
  1143 | D:2      | Found a stormy altar of Qazlal.
  1145 | D:2      | Found an iron altar of Okawaru.
  1282 | D:2      | Reached XP level 4. HP: 35/35 MP: 6/6
  1733 | D:3      | Noticed Ijyb
  1799 | D:3      | Killed Ijyb
  1822 | D:3      | Found a radiant altar of Vehumet.
  1873 | D:3      | Gained mutation: You are significantly more attuned to the
                  | shadows. [demonic ancestry]
  1873 | D:3      | Reached XP level 5. HP: 32/41 MP: 7/7
  2093 | D:3      | Found a sacrificial altar of Ru.
  2461 | D:3      | Reached *** piety under Lugonu
  2463 | D:3      | Noticed a centaur
  2473 | D:3      | Killed a centaur
  2685 | D:4      | Reached XP level 6. HP: 48/48 MP: 9/9
  3127 | D:4      | Killed from afar by an orc priest

Vault maps used:
D:1:      dpeg_arrival_chase
D:2:      minmay_door_path, nicolae_overflow_crystal_walls,
          gammafunk_temple_overflow_statue, first_ration
D:3:      overflow_temple_1_default, overflow_temple_1_default,
          minmay_misc_feat_alley, uniq_ijyb
D:4:      minmay_splitting_lines

Skill      XL: |  1  2  3  4  5  6 |
---------------+-------------------+-----
Dodging        | 1 2 |  2.4
Maces & Flails | 2 3 |  3.9
Armour         | 2 |  2.9
Invocations    | 3 4 |  4.2
Fighting       | 4 |  4.0

Action                   |  1- 3 |  4- 6 || total
-------------------------+-------+-------++-------
Melee: Mace              |    87 |   189 ||   276
       Headbutt          |     7 |    19 ||    26
Invok: Depart the Abyss  |     1 |       ||     1
  Use: Scroll            |     5 |     9 ||    14
       Potion            |       |     4 ||     4
 Stab: Sleeping          |     1 |     7 ||     8
  Eat: Chunk             |     1 |     6 ||     7
Armor: Ring mail         |    42 |    50 ||    92
       Leather armour    |     1 |       ||     1
       Chain mail        |       |    59 ||    59
Dodge: Dodged            |    55 |   108 ||   163

Table legend:
 A = Non-vault XP
 B = Vault XP
 C = Vault XP percentage of total XP
 D = Non-vault monster count
 E = Vault monster count
 F = Vault count percentage of total count
                 A         B        C        D         E       F
            +---------+---------+-------+---------+---------+-------
      Total |     485 |      46 |   8.7 |      86 |       7 |   7.5
            +---------+---------+-------+---------+---------+-------
        D:1 |      21 |       4 |  16.0 |      11 |       2 |  15.4
        D:2 |      70 |       7 |   9.1 |      27 |       4 |  12.9
        D:3 |     242 |      35 |  12.6 |      33 |       1 |   2.9
        D:4 |     152 |       0 |   0.0 |      15 |       0 |   0.0
            +---------+---------+-------+---------+---------+-------
